 Dungeon Crawl Stone Soup version 0.13-a0-2202-g857913d (webtiles) character file.

4456 Kae the Conjurer (level 10, -2/50 HPs)
             Began as a Tengu Fire Elementalist on July 2, 2013.
             Was a Priest of Vehumet.
             Splashed by an oklob sapling's acid (23 damage)
             ... on Level 8 of the Dungeon.
             The game lasted 00:24:34 (9814 turns).

Kae the Conjurer (Tengu Fire Elementalist)          Turns: 9814, Time: 00:24:34

HP  -2/50        AC  3     Str  8      XL: 10   Next: 22%
MP  23/23        EV 14     Int 19      God: Vehumet [***...]
Gold 484         SH  0     Dex 15      Spells:  5 memorised,  4 levels left

Res.Fire  : . . .   See Invis. : +   t - +4,+2 elf dagger (venom)
Res.Cold  : . . .   Warding    : .   a - +1 robe
Life Prot.: . . .   Conserve   : .   (no shield)
Res.Poison: .       Res.Corr.  : .   (helmet restricted)
Res.Elec. : .       Clarity    : .   (no cloak)
Sust.Abil.: . .     Spirit.Shd : .   (no gloves)
Res.Mut.  : .       Stasis     : .   (boots unavailable)
Res.Rott. : .       Flight     : .   (no amulet)
Saprovore : . . .                    (no ring)
                                     d - ring of see invisible

@: invisible, somewhat resistant to hostile enchantments, fairly stealthy
A: able to fly, beak, talons 3
a: Fly, Renounce Religion


You were on level 8 of the Dungeon.
You worshipped Vehumet.
Vehumet was greatly pleased with you.
You were hungry.

You visited 1 branch of the dungeon, and saw 8 of its levels.

You collected 464 gold pieces.

Inventory:

Hand weapons
 t - a +4,+2 elven dagger of venom (weapon)
Missiles
 h - 5 darts (quivered)
Armour
 a - a +1 robe (worn)
Magical devices
 j - a wand of frost (16)
 k - a wand of magic darts (20)
 y - a wand of polymorph (4) {unknown}
 A - a wand of paralysis (14) {unknown}
Comestibles
 c - 6 bread rations
 f - a meat ration
 o - a rambutan
 s - a pear
 D - 2 oranges
 F - 2 apples
 G - 5 chunks of manticore flesh
Scrolls
 i - 6 scrolls of identify
 n - a scroll of random uselessness
 p - 7 scrolls of remove curse
 z - 3 scrolls of curse armour {unknown}
 B - a scroll of fear {unknown}
 C - a scroll of teleportation
 E - a scroll of recharging
Jewellery
 d - a ring of see invisible (left hand)
 v - an uncursed ring of fire {unknown}
Potions
 e - 2 potions of agility
 l - a potion of mutation
 m - a potion of brilliance
 q - a potion of curing {unknown}
 r - a potion of restore abilities
 u - a potion of speed
 w - a potion of porridge {unknown}
 x - a potion of flight {unknown}
Books
 b - a book of Flames

   Spells                             Type                      Level
   *Flame Tongue                      Conjuration/Fire             1
   *Throw Flame                       Conjuration/Fire             2
   *Conjure Flame                     Conjuration/Fire             3
   Inner Flame                        Hexes/Fire                   3
   *Sticky Flame                      Conjuration/Fire             4
   *Fireball                          Conjuration/Fire             5


   Skills:
 + Level 4.8 Dodging
 - Level 2.0 Stealth
 + Level 5.1 Spellcasting
 * Level 10.4 Conjurations
 * Level 9.2 Fire Magic
 + Level 4.0 Evocations


You had 4 spell levels left.
You knew the following spells:

 Your Spells              Type           Power        Failure   Level  Hunger
a - Flame Tongue          Conj/Fire      #####        1%          1    None
b - Throw Flame           Conj/Fire      #####.       1%          2    None
c - Conjure Flame         Conj/Fire      #####...     1%          3    ###....
d - Sticky Flame          Conj/Fire      #####...     1%          4    ####...
e - Fireball              Conj/Fire      #####.....   2%          5    #####..


Dungeon Overview and Level Annotations

Branches:
Dungeon (8/27)             Temple (0/1) D:7             Orc (0/4) D:8
   Lair (0/8) D:8

Altars:
Fedhas
Makhleb
Trog
Vehumet
Zin

Annotations
D:4 exclusion: crimson imp
D:6 exclusion: crimson imp
D:8 exclusion: 2 oklob saplings


Innate Abilities, Weirdness & Mutations

You can fly.
You have a beak for a mouth.
You have claws for feet.


Message History

Casting: Flame Tongue
Confirm with . or Enter, or press ? or * to list all spells.
You can't see any susceptible monsters within range! (Use Z to cast anyway.)
You start waiting.
Done waiting.
Marking area around the oklob sapling as unsafe for travelling.
An oklob sapling comes into view.
Found 2 apples.
Drink which item? (? for menu, Esc to quit)
You fade into invisibility!
You see here 2 oranges.
You hit the oklob sapling but do no damage.
You peck the oklob sapling, but do no damage.
The oklob sapling spits acid at you. The splash of acid hits you!
The acid burns!
You hit the oklob sapling but do no damage.
You claw the oklob sapling, but do no damage.
The oklob sapling spits acid at you. The splash of acid hits you!
The acid burns!
You die...

#. ######### #.
#.%.....###.
##.##.....%..
♣♣♣♣♣♣♣♣♣♣#.##.###.
♣♣♣♣♣♣♣♣♣.♣♣.##.# #.
♣♣♣%.P♣♣.♣.♣.##.# #.
♣♣%_%♣♣♣.♣.♣)##.# #.
♣♣.@..♣♣.♣.♣.##.####
♣♣P♣♣.♣.♣♣.♣.##.....
♣♣♣♣♣♣.♣.♣♣..###.###
♣♣♣♣♣♣♣.♣♣♣♣.# #.# #
♣♣♣♣♣♣♣### #.###
##.##.# #..## #.##.#
###.##
###.##.####.....
##.#.#.#.#.#.#.#.


You could see 2 oklob saplings.

Vanquished Creatures
  4 wandering mushrooms (D:8)
  A hippogriff (D:7)
  The ghost of smajdalf the Ruinous, an average DrCj (D:4)
  A manticore (D:8)
  A sky beast (D:5)
  A black bear (D:6)
  A hippogriff zombie (D:8)
  3 phantoms
  An orc warrior (D:8)
  A centaur (D:5)
  6 ogres
  A crocodile (D:8)
  A water moccasin (D:6)
  3 giant frogs (D:7)
  A black bear zombie (D:6)
  2 centaur skeletons (D:8)
  A water moccasin skeleton (D:4)
  An ogre zombie (D:6)
  5 crimson imps
  2 orc priests
  4 hounds
  A hound zombie (D:6)
  A mottled dragon skeleton (D:8)
  4 orc wizards
  A scorpion (D:5)
  4 iguanas
  3 worker ants
  Ijyb (D:3)
  2 jellies
  Terence (D:3)
  A gnoll (D:1)
  6 adders
  2 adder zombies
  4 giant mites
  4 worms
  A bat zombie (D:6)
  2 giant eyeballs
  2 giant geckos (D:1)
  3 oozes
  17 orcs
  2 ball pythons
  13 bats
  3 giant cockroaches
  10 goblins
  8 hobgoblins
  4 jackals
  13 kobolds
  3 quokkas
  A giant gecko skeleton (D:6)
  6 giant newts
  A goblin zombie (D:5)
  A hobgoblin zombie (D:8)
  A kobold zombie (D:5)
  An orc zombie (D:7)
  2 quokka zombies (D:7)
  16 rats
  A plant (D:1)
188 creatures vanquished.

Vanquished Creatures (others)
  A giant cockroach (D:4)
  A rat (D:3)
2 creatures vanquished.

Grand Total: 190 creatures vanquished

Notes
Turn   | Place    | Note
--------------------------------------------------------------
     0 | D:1      | Kae, the Tengu Fire Elementalist, began the quest for the Orb.
     0 | D:1      | Reached XP level 1. HP: 10/10 MP: 3/3
   317 | D:1      | Reached XP level 2. HP: 13/15 MP: 1/5
   862 | D:1      | Learned a level 2 spell: Throw Flame
   881 | D:1      | Reached XP level 3. HP: 10/19 MP: 0/7
  1015 | D:1      | Reached skill level 4 in Fire Magic
  1808 | D:2      | Reached XP level 4. HP: 24/24 MP: 5/8
  1942 | D:2      | Found a radiant altar of Vehumet.
  1946 | D:2      | Became a worshipper of Vehumet
  2522 | D:3      | Found a radiant altar of Vehumet.
  2528 | D:3      | Noticed Ijyb
  2541 | D:3      | Learned a level 3 spell: Conjure Flame
  2552 | D:3      | Killed Ijyb
  2552 | D:3      | Reached XP level 5. HP: 28/28 MP: 8/11
  2630 | D:3      | Noticed Terence
  2641 | D:3      | Killed Terence
  3441 | D:4      | Noticed smajdalf's ghost (average DrCj)
  3522 | D:4      | Noticed a phantom
  3530 | D:4      | Killed a phantom
  3530 | D:4      | Reached skill level 5 in Conjurations
  3530 | D:4      | Reached skill level 5 in Fire Magic
  3530 | D:4      | Reached XP level 6. HP: 32/32 MP: 4/14
  3610 | D:4      | Noticed an ogre
  3626 | D:4      | Killed an ogre
  3711 | D:4      | Killed smajdalf's ghost
  3711 | D:4      | Reached XP level 7. HP: 14/36 MP: 4/16
  4061 | D:4      | Acquired Vehumet's first power
  4061 | D:4      | Offered knowledge of Sandblast by Vehumet.
  4061 | D:4      | Reached skill level 6 in Conjurations
  4063 | D:4      | Noticed a phantom
  4250 | D:4      | Killed a phantom
  4513 | D:4      | Learned a level 4 spell: Sticky Flame
  4761 | D:5      | Entered Level 5 of the Dungeon
  4824 | D:5      | Found a bloodstained altar of Trog.
  4864 | D:5      | Reached skill level 7 in Conjurations
  4864 | D:5      | Reached XP level 8. HP: 28/41 MP: 10/19
  5411 | D:5      | Paralysed by a giant eyeball for 4 turns
  5460 | D:5      | Found a glowing silver altar of Zin.
  5531 | D:5      | Reached skill level 1 in Evocations
  6311 | D:6      | Offered knowledge of Force Lance by Vehumet.
  6675 | D:6      | Reached skill level 8 in Conjurations
  7005 | D:6      | Found a burning altar of Makhleb.
  7206 | D:7      | Reached XP level 9. HP: 40/45 MP: 13/21
  7713 | D:7      | Found a staircase to the Ecumenical Temple.
  7919 | D:7      | Reached skill level 9 in Conjurations
  8174 | D:7      | Offered knowledge of Stone Arrow by Vehumet.
  8544 | D:8      | Found a staircase to the Lair.
  8583 | D:8      | Found a staircase to the Orcish Mines.
  8599 | D:8      | Acquired Vehumet's second power
  8639 | D:8      | Learned a level 5 spell: Fireball
  8931 | D:8      | Noticed a wandering mushroom
  9430 | D:8      | Noticed a wandering mushroom
  9448 | D:8      | Killed a wandering mushroom
  9448 | D:8      | Reached XP level 10. HP: 50/50 MP: 18/23
  9456 | D:8      | Found a blossoming altar of Fedhas.
  9456 | D:8      | Noticed a wandering mushroom
  9456 | D:8      | Noticed a wandering mushroom
  9470 | D:8      | Killed a wandering mushroom
  9470 | D:8      | Reached skill level 10 in Conjurations
  9482 | D:8      | Killed a wandering mushroom
  9482 | D:8      | Reached skill level 5 in Spellcasting
  9659 | D:8      | Killed a wandering mushroom
  9814 | D:8      | Splashed by an oklob sapling's acid

Action                   |  1- 3 |  4- 6 |  7- 9 | 10-12 || total
-------------------------+-------+-------+-------+-------++-------
Melee: Unarmed           |    82 |     7 |     2 |       ||    91
       Dagger            |       |       |    74 |     2 ||    76
 Cast: Flame Tongue      |    62 |    85 |   294 |    32 ||   473
       Throw Flame       |       |     5 |    53 |       ||    58
       Conjure Flame     |       |     4 |     6 |     1 ||    11
       Sticky Flame      |       |       |     1 |       ||     1
       Fireball          |       |       |     1 |     2 ||     3
Evoke: Wand              |       |       |    11 |       ||    11
  Use: Scroll            |       |    10 |    10 |       ||    20
       Potion            |       |     1 |     3 |     1 ||     5
 Stab: Sleeping          |     2 |       |     1 |       ||     3
